[Event "Titled Tuesday Blitz August 09 Early 2022"]
[White "Simonovic, Miroslav"]
[Black "Rom, Jasper"]
[WhiteFideId "919152"]
[BlackFideId "2023733"]
[WhiteElo "2043"]
[BlackElo "2233"]
[Result "0-1"]
[Round "02"]
[TimeControl "180+1"]
[Date "2022.08.09"]
[WhiteClock "0:00:07"]
[BlackClock "0:00:03"]

1. d4 d5 2. Bg5 c6 3. e3 Qb6 4. b3 Bf5 5. Bd3 Bg6 6. h4 Nd7 7. h5 Be4 8. f3 Bxd3 9. Qxd3 Ngf6 10. Nd2 h6 11. Bf4 e6 12. Ne2 c5 13. c4 cxd4 14. exd4 Bb4 15. g4 Rc8 16. c5 Qa5 17. O-O b6 18. cxb6 Qxb6 19. a3 Bd6 20. b4 O-O 21. Nb3 e5 22. Be3 e4 23. fxe4 dxe4 24. Qb1 Nxg4 25. Bf4 Ndf6 26. Nc5 Rfe8 27. Nc3 Bxf4 28. Rxf4 Qd6 29. Ne2 Qd5 30. Qf1 Qxh5 31. Qg2 Ne3 32. Qg3 Ned5 33. Raf1 Nxf4 34. Nxf4 Qg5 35. Kg2 Qxg3+ 36. Kxg3 Rcd8 37. Rd1 e3 38. Kf3 Nd5 39. Ne2 f5 40. Rg1 g5 41. Nd3 Kf7 42. Ne5+ Kf6 43. Rh1 Rh8 44. Ng3 f4 45. Ne4+ Kf5 46. Ng4 h5 47. Ne5 g4+ 48. Ke2 Kxe4 49. Nc6 f3+ 50. Kd1 e2+ 51. Ke1 Nf4 52. Nxd8 Rxd8 53. Kd2 Rxd4+ 54. Kc2 f2 55. Rxh5 e1=Q 56. Re5+ Kxe5 57. Kb3 Qd1+ 58. Kc3 Rd3+ 59. Kc4 Qb3+ 60. Kb5 Rd5+ 61. Ka6 Rd6+ 62. Kb7 Qd5+ 63. Kc8 Rd8+ 64. Kc7 Qd6+ 65. Kb7 Qb6# 0-1


[Site "https://www.chess.com"]

[Event "Titled Tuesday Blitz August 09 Early 2022"]
[White "Sjoberg, Isak"]
[Black "Quispe Santacruz, Javier"]
[WhiteFideId "1521640"]
[BlackFideId "3800920"]
[WhiteElo "2106"]
[BlackElo "1929"]
[Result "1-0"]
[Round "02"]
[TimeControl "180+1"]
[Date "2022.08.09"]
[WhiteClock "0:00:52"]
[BlackClock "0:00:09"]

1. e4 e5 2. Nc3 Nf6 3. d4 Nc6 4. d5 Nd4 5. Be3 Bb4 6. Bxd4 exd4 7. Qxd4 Bxc3+ 8. bxc3 d6 9. Bd3 O-O 10. Ne2 Re8 11. O-O Bd7 12. Ng3 Qe7 13. Rab1 b6 14. h3 a5 15. Rfe1 h5 16. Bb5 Bxb5 17. Rxb5 h4 18. Nf5 Qe5 19. Qxe5 Rxe5 20. f3 Rae8 21. Rd1 g5 22. c4 Kh7 23. Rb3 Kg6 24. Rbd3 Nxe4 25. fxe4 Rxe4 26. Nd4 f5 27. Rf1 f4 28. Kf2 g4 29. hxg4 Kg5 30. Ne6+ Kxg4 31. Rd4 Re2+ 32. Kxe2 1-0


[Site "https://www.chess.com"]

[Event "Titled Tuesday Blitz August 09 Early 2022"]
[White "Skliarov, Viktor"]
[Black "Pourkashiyan, Atousa"]
[WhiteFideId "14106736"]
[BlackFideId "12502014"]
[WhiteElo "2257"]
[BlackElo "2247"]
[Result "1-0"]
[Round "02"]
[TimeControl "180+1"]
[Date "2022.08.09"]
[WhiteClock "0:01:02"]
[BlackClock "0:00:01"]

1. e4 c5 2. Nf3 e6 3. c3 Nf6 4. Bd3 d5 5. e5 Nfd7 6. Bc2 d4 7. c4 Nc6 8. d3 Ncxe5 9. Nxe5 Nxe5 10. f4 Ng6 11. O-O Bd6 12. Ba4+ Bd7 13. Bxd7+ Qxd7 14. Qg4 O-O 15. Nd2 f5 16. Qg3 Qc7 17. Nb3 a5 18. Bd2 e5 19. fxe5 Bxe5 20. Qh3 Nf4 21. Qf3 Ng6 22. Qh3 Nf4 23. Qf3 Ng6 24. h3 a4 25. Qd5+ Kh8 26. Nxc5 Ne7 27. Qxb7 Qxc5 28. Bb4 Qc8 29. Qxe7 Re8 30. Qf7 Bf6 31. Rae1 Rb8 32. Bd6 1-0


[Site "https://www.chess.com"]

[Event "Titled Tuesday Blitz August 09 Early 2022"]
[White "Slugin, Sergey"]
[Black "Sawyer, Bradley"]
[WhiteFideId "4122569"]
[BlackFideId "2023784"]
[WhiteElo "2330"]
[BlackElo "2379"]
[Result "1-0"]
[Round "02"]
[TimeControl "180+1"]
[Date "2022.08.09"]
[WhiteClock "0:00:06"]
[BlackClock "0:00:03"]

1. c4 c5 2. Nf3 Nc6 3. g3 g6 4. d4 cxd4 5. Nxd4 Bg7 6. Nc2 Nf6 7. Bg2 O-O 8. O-O d6 9. Nc3 Be6 10. b3 Qd7 11. Bb2 Bh3 12. Qd2 Bxg2 13. Kxg2 Rac8 14. Ne3 h5 15. h4 Ne5 16. Ncd5 Ne4 17. Qc2 Nc5 18. Rfd1 e6 19. Nc3 a6 20. b4 Qc6+ 21. Kg1 Ncd7 22. Ne4 d5 23. Ng5 Nxc4 24. Bxg7 Kxg7 25. Nxc4 Qxc4 26. Qb2+ Qc3 27. Qxc3+ Rxc3 28. e4 Nf6 29. Rac1 Rfc8 30. Rxc3 Rxc3 31. exd5 Nxd5 32. Rb1 b5 33. Rb2 Rc4 34. a3 Rc1+ 35. Kg2 Ra1 36. Rc2 Rxa3 37. Rc6 a5 38. bxa5 Rxa5 39. Rc5 Ra2 40. Rxb5 Ra7 41. Rb2 Rc7 42. Ra2 Kf6 43. Rb2 Ke7 44. Ra2 f6 45. Nf3 e5 46. Ra5 Ke6 47. Ra6+ Kf5 48. Ra2 Rc5 49. Ng1 e4 50. Ne2 Ke5 51. Ng1 f5 52. Nh3 e3 53. fxe3 Nxe3+ 54. Kf3 Ng4 55. Nf4 Rc3+ 56. Kg2 Ne3+ 57. Kh3 Nf1 58. Rg2 Ra3 59. Nxg6+ Kf6 60. Nf4 Ne3 61. Re2 Ng4 62. Nxh5+ Kf7 63. Nf4 Ra1 64. Kg2 Ra3 65. h5 Kf6 66. Rb2 Ne3+ 67. Kh3 Ra1 68. Kh2 Ng4+ 69. Kg2 Ne3+ 70. Kf3 Ng4 71. Rb6+ Kg7 72. Ne6+ Kh7 73. Ng5+ Kg7 74. Rg6+ Kh8 75. h6 Rf1+ 76. Ke2 Rg1 77. Nf7+ Kh7 78. Rg7# 1-0


[Site "https://www.chess.com"]

[Event "Titled Tuesday Blitz August 09 Early 2022"]
[White "Smietanska, Wiktoria"]
[Black "Sarkar, Justin"]
[WhiteFideId "21869359"]
[BlackFideId "2010011"]
[WhiteElo "1883"]
[BlackElo "2076"]
[Result "0-1"]
[Round "02"]
[TimeControl "180+1"]
[Date "2022.08.09"]
[WhiteClock "0:01:08"]
[BlackClock "0:00:46"]

1. c4 g5 2. Nc3 Bg7 3. d4 h6 4. e4 c5 5. Nge2 cxd4 6. Nxd4 Nc6 7. Be3 d6 8. Be2 Nf6 9. O-O O-O 10. f3 Nh5 11. Qd2 Nf4 12. Nxc6 bxc6 13. Bxf4 gxf4 14. Qxf4 Qb6+ 15. Kh1 Qxb2 16. Rac1 Bxc3 17. Qxh6 Bg7 18. Qh5 Qxe2 0-1


[Site "https://www.chess.com"]

[Event "Titled Tuesday Blitz August 09 Early 2022"]
[White "Sokolovsky, Yahli"]
[Black "Hajiyev, Kanan"]
[WhiteFideId "2820242"]
[BlackFideId "13404148"]
[WhiteElo "1867"]
[BlackElo "2118"]
[Result "1-0"]
[Round "02"]
[TimeControl "180+1"]
[Date "2022.08.09"]
[WhiteClock "0:00:14"]
[BlackClock "0:00:58"]

1. b3 c6 2. Bb2 d5 3. Nf3 Nf6 4. e3 g6 5. Bxf6 exf6 6. d4 Bg7 7. Be2 O-O 8. O-O f5 9. c4 Be6 10. Nc3 Qa5 11. Rc1 Nd7 12. Qd2 Kh8 13. cxd5 Bxd5 14. Nxd5 Qxd5 15. Qb4 Rab8 16. Bc4 Qe4 17. Qd6 Rbd8 18. Qc7 c5 19. dxc5 Qc6 20. Qxc6 bxc6 21. b4 Ne5 22. Be2 Nxf3+ 23. Bxf3 Rc8 24. Rfd1 Rc7 25. Rd6 Rfc8 26. Rcd1 Bc3 27. a3 a5 28. Rd8+ Rxd8 29. Rxd8+ Kg7 30. bxa5 Bxa5 31. Rd6 Rb7 32. g3 Rb3 33. a4 Rc3 34. Rxc6 Bb4 35. Bd5 Rxc5 36. Rxc5 Bxc5 37. a5 f6 38. a6 Kf8 39. Kf1 Ke7 40. Ke2 Kd6 41. Bg8 Ke7 42. Kd3 Kf8 43. Bd5 Ke7 44. Kc4 Ba7 45. Kb5 Kd6 46. Bg8 h6 47. Bh7 f4 48. gxf4 g5 49. fxg5 hxg5 50. Bf5 Bc5 51. h3 Ba7 52. Bg4 Kd5 53. Bf3+ Kd6 54. Be4 Ke5 55. Bb7 Kd6 56. Kc4 Ke5 57. Kd3 Bb6 58. Ke2 Ba7 59. Kf3 Kf5 60. Bc8+ Ke5 61. Kg4 Bb6 62. f4+ gxf4 63. exf4+ Kd6 64. Kf5 Ke7 65. Kg6 Kd8 66. Bb7 Ke7 67. h4 f5 68. Kxf5 Kf7 69. Ke5 Bc7+ 70. Kd5 Bb8 71. f5 Kf6 72. Bc8 Ba7 73. Kc6 Kg7 74. Kb7 Bd4 75. a7 Bxa7 76. Kxa7 Kf6 77. Kb6 Ke5 78. Kc6 1-0


[Site "https://www.chess.com"]

[Event "Titled Tuesday Blitz August 09 Early 2022"]
[White "Solon, Nathan"]
[Black "Gonzalez Vega, Alejandro"]
[WhiteFideId "2017229"]
[BlackFideId "3510042"]
[WhiteElo "2638"]
[BlackElo "2219"]
[Result "1-0"]
[Round "02"]
[TimeControl "180+1"]
[Date "2022.08.09"]
[WhiteClock "0:00:17"]
[BlackClock "0:00:04"]

1. e4 c5 2. Nf3 a6 3. d3 e6 4. g3 d5 5. Qe2 Be7 6. Bg2 Nc6 7. O-O Nf6 8. e5 Nd7 9. c4 dxc4 10. dxc4 Qc7 11. Bf4 h6 12. h4 Nd4 13. Nxd4 cxd4 14. h5 Rb8 15. Nd2 Nc5 16. Rac1 a5 17. Ne4 Nxe4 18. Qxe4 Bc5 19. Qe2 Bd7 20. Qg4 Kf8 21. Rfd1 Bc6 22. Rd3 Bxg2 23. Kxg2 Rd8 24. b3 Rd7 25. Rcd1 Qc6+ 26. Kg1 Qe4 27. Qf3 Qxf3 28. Rxf3 Ke7 29. Bc1 Rhd8 30. Rfd3 b6 31. Kg2 a4 32. Kf3 Ra7 33. Bb2 axb3 34. axb3 Rad7 35. Ke4 f5+ 36. exf6+ gxf6 37. g4 e5 38. f4 Ke6 39. f5+ Ke7 40. Ra1 Rg8 41. Rg1 Kf7 42. Bc1 Bf8 43. Rg2 Ra7 44. Kd5 Ra1 45. Bd2 Rb1 46. Kc6 Rf1 47. Kxb6 e4 48. Rxd4 e3 49. Bxe3 Re1 50. Rd7+ Be7 51. Bc5 Rb8+ 52. Kc7 Rxb3 53. Rxe7+ Rxe7+ 54. Bxe7 Kxe7 55. c5 Rc3 56. c6 Rc4 57. Re2+ Kf7 58. Kd7 Rd4+ 59. Kc8 Rxg4 60. c7 Rg8+ 61. Kb7 1-0


[Site "https://www.chess.com"]

[Event "Titled Tuesday Blitz August 09 Early 2022"]
[White "Stegariu, Vlad-Ionut"]
[Black "Jain, Naveen"]
[WhiteFideId "1217860"]
[BlackFideId "5003970"]
[WhiteElo "2253"]
[BlackElo "2036"]
[Result "0-1"]
[Round "02"]
[TimeControl "180+1"]
[Date "2022.08.09"]
[WhiteClock "0:00:58"]
[BlackClock "0:00:34"]

1. d4 Nf6 2. c4 c5 3. Nf3 cxd4 4. Nxd4 Nc6 5. Nc3 Nxd4 6. Qxd4 g6 7. g3 Bg7 8. Bg2 O-O 9. O-O d6 10. Qd2 a6 11. b3 Rb8 12. a4 Bf5 13. Bb2 Qc8 14. e4 Bh3 15. Nd5 Nxd5 16. Bxg7 Bxg2 17. Kxg2 Ne3+ 18. Qxe3 Kxg7 19. a5 Qc6 20. Ra4 b5 21. axb6 Qxb6 22. Qc3+ Kg8 23. b4 Rfc8 24. Rfa1 Qc6 25. Qf3 Qxc4 26. Rxa6 Rxb4 27. Ra8 Rxa8 28. Rxa8+ Kg7 29. e5 dxe5 30. Ra7 Qe6 31. Qa3 Qc6+ 32. Kh3 Qc5 33. Ra4 Qc8+ 34. Kg2 Qc6+ 0-1


[Site "https://www.chess.com"]

[Event "Titled Tuesday Blitz August 09 Early 2022"]
[White "Stoleriu, George"]
[Black "Goldin, Roman"]
[WhiteFideId "1227505"]
[BlackFideId "2803860"]
[WhiteElo "2194"]
[BlackElo "2312"]
[Result "1-0"]
[Round "02"]
[TimeControl "180+1"]
[Date "2022.08.09"]
[WhiteClock "0:00:24"]
[BlackClock "0:00:01"]

1. b3 e5 2. Bb2 Nc6 3. e3 a6 4. Nf3 d6 5. d4 e4 6. Nfd2 d5 7. c4 f5 8. cxd5 Nb4 9. Nc3 Nf6 10. a3 Nbxd5 11. Nxd5 Nxd5 12. Nc4 Bd6 13. Nxd6+ Qxd6 14. Bc4 Be6 15. O-O O-O 16. a4 a5 17. Ba3 Nb4 18. Bxe6+ Qxe6 19. Bxb4 axb4 20. Rc1 c6 21. Rc4 f4 22. Rxb4 f3 23. gxf3 Rxf3 24. Qe2 Ra5 25. Qc4 Rd5 26. Rxb7 h6 27. Kh1 Kh8 28. Rb8+ Kh7 29. Rd8 Qh3 30. Rxd5 cxd5 31. Qe2 Rf5 32. Rg1 Qh4 33. Rg2 Rf3 34. a5 Rh3 35. a6 Qe7 36. Qg4 Rh4 37. Qxg7+ 1-0


[Site "https://www.chess.com"]

[Event "Titled Tuesday Blitz August 09 Early 2022"]
[White "Szpar, Milosz"]
[Black "Stepanencu, Nicodim-Cosmin"]
[WhiteFideId "1184989"]
[BlackFideId "1256220"]
[WhiteElo "2422"]
[BlackElo "1941"]
[Result "1-0"]
[Round "02"]
[TimeControl "180+1"]
[Date "2022.08.09"]
[WhiteClock "0:00:18"]
[BlackClock "0:00:02"]

1. e4 e5 2. Nf3 Nc6 3. Bb5 a6 4. Ba4 Nf6 5. d3 Be7 6. O-O b5 7. Bb3 d6 8. c3 O-O 9. h3 Nb8 10. Re1 Nbd7 11. d4 c5 12. d5 c4 13. Bc2 Nc5 14. b4 cxb3 15. axb3 Bd7 16. b4 Nb7 17. Nbd2 a5 18. Nf1 axb4 19. Rxa8 Qxa8 20. cxb4 Rc8 21. Bb3 Qa1 22. Ng3 h6 23. Bd2 Qxd1 24. Rxd1 Bd8 25. Ra1 Ne8 26. Ra7 Rb8 27. Be3 Kf8 28. Bc2 Nc7 29. Bd3 Na8 30. Ne2 Nb6 31. Nc3 Nc4 32. Bxc4 bxc4 33. Nd2 Ke7 34. g4 f6 35. f3 g5 36. Kf2 Ke8 37. Ke2 Be7 38. Nxc4 Nd8 39. Nb6 Bc8 40. Nxc8 Rxc8 41. Kd3 Rb8 42. b5 Nb7 43. b6 Bd8 44. Nb5 Kd7 45. Kc4 Kc8 46. Kb4 Kd7 47. Na3 Kc8 48. Nc4 Be7 49. Kb5 Bd8 50. Kc6 Nc5 51. Nxd6# 1-0


[Site "https://www.chess.com"]

[Event "Titled Tuesday Blitz August 09 Early 2022"]
[White "Sztokbant, Bernardo Vainzoff"]
[Black "Senlle Caride, Miguel"]
[WhiteFideId "2115956"]
[BlackFideId "2282500"]
[WhiteElo "2209"]
[BlackElo "2339"]
[Result "1-0"]
[Round "02"]
[TimeControl "180+1"]
[Date "2022.08.09"]
[WhiteClock "0:00:12"]
[BlackClock "0:00:14"]

1. Nf3 c5 2. c4 g6 3. Nc3 Bg7 4. g3 Nc6 5. Bg2 e5 6. O-O Nge7 7. d3 O-O 8. Ne1 f5 9. f4 d6 10. Nf3 Be6 11. Ng5 Qd7 12. Rb1 exf4 13. Bxf4 h6 14. Nxe6 Qxe6 15. Nd5 Qd7 16. b4 cxb4 17. Nxb4 Nxb4 18. Rxb4 d5 19. cxd5 Kh7 20. d6 Nc6 21. Rb1 g5 22. Bd2 Rab8 23. e4 Qxd6 24. exf5 Qxd3 25. f6 Rxf6 26. Rxf6 Bxf6 27. Bxc6 Rd8 28. Rxb7+ Kh8 29. Qh5 Bd4+ 30. Kg2 Qxd2+ 31. Kh3 g4+ 32. Qxg4 Qd3 33. Qe6 Qf1+ 34. Bg2 Qc1 35. Qg6 Qc8+ 36. g4 Qxb7 37. Bxb7 Bg7 38. Be4 Rd4 39. Qh7# 1-0


[Site "https://www.chess.com"]

[Event "Titled Tuesday Blitz August 09 Early 2022"]
[White "Tatarinov, Dmitry"]
[Black "Zhigalko, Sergei"]
[WhiteFideId "24160067"]
[BlackFideId "13502956"]
[WhiteElo "2324"]
[BlackElo "2662"]
[Result "1/2-1/2"]
[Round "02"]
[TimeControl "180+1"]
[Date "2022.08.09"]
[WhiteClock "0:01:13"]
[BlackClock "0:00:07"]

1. c4 e5 2. g3 Nf6 3. Bg2 c6 4. Nf3 d6 5. Nc3 h6 6. O-O Be7 7. e4 Bg4 8. d4 Nbd7 9. Be3 O-O 10. h3 Bxf3 11. Bxf3 a5 12. Bg2 Re8 13. Qc2 Bf8 14. Rad1 Qc7 15. Rfe1 g6 16. f4 Bg7 17. c5 exd4 18. cxd6 Qxd6 19. e5 Nxe5 20. fxe5 Qxe5 21. Bxd4 Qxg3 22. Qf2 Qg5 23. Rf1 Re6 24. Ne4 Rxe4 25. Bxf6 Bxf6 26. Qxf6 Qxf6 27. Rxf6 Re7 28. Rfd6 Rae8 29. Rd7 h5 30. Bf3 Kg7 31. h4 Kf6 32. Kf2 Rxd7 33. Rxd7 Re7 34. Rxe7 Kxe7 35. a4 Kd6 36. b3 Kc5 37. Be2 b5 38. Ke3 Kb4 39. Bd1 bxa4 40. bxa4 c5 41. Kf4 f6 42. Bc2 g5+ 43. hxg5 fxg5+ 44. Kxg5 Kc3 45. Bd1 c4 46. Bxh5 Kb2 47. Kf4 c3 48. Bg6 c2 49. Bxc2 Kxc2 50. Ke3 Kb3 51. Kd3 Kxa4 52. Kc3 Ka3 53. Kc2 Ka2 54. Kc1 a4 55. Kc2 a3 56. Kc1 Ka1 57. Kc2 a2 58. Kc1 1/2-1/2


[Site "https://www.chess.com"]

[Event "Titled Tuesday Blitz August 09 Early 2022"]
[White "Ternault, Mathieu"]
[Black "Petrova, Irina"]
[WhiteFideId "20641532"]
[BlackFideId "14124122"]
[WhiteElo "2249"]
[BlackElo "2021"]
[Result "1-0"]
[Round "02"]
[TimeControl "180+1"]
[Date "2022.08.09"]
[WhiteClock "0:00:14"]
[BlackClock "0:00:03"]

1. e4 d6 2. Nc3 Nf6 3. Nf3 e5 4. Bc4 Be7 5. a3 O-O 6. d3 c6 7. Ba2 Nbd7 8. Rg1 d5 9. exd5 cxd5 10. Bxd5 Nxd5 11. Nxd5 Bc5 12. Be3 Re8 13. Qd2 b5 14. Ng5 Bb7 15. Nc3 b4 16. Nce4 Bxe3 17. Qxe3 bxa3 18. Rxa3 h6 19. Nxf7 Kxf7 20. Nd6+ Kg8 21. Nxb7 Qc7 22. Na5 Kh8 23. Nc4 Nc5 24. f3 Ne6 25. Kd1 Nd4 26. Re1 Rac8 27. Kc1 a5 28. Kb1 Rb8 29. Qd2 Qb7 30. Qxa5 Ra8 31. Qb6 Qd5 32. Rxa8 Rxa8 33. Rxe5 Qd7 34. b3 Nc6 35. Rc5 Nd4 36. Qd6 Qe8 37. Ne5 Nb5 38. Qc6 Na3+ 39. Kb2 Qf8 40. Ng6+ Kg8 41. Nxf8 Kxf8 42. Qxa8+ 1-0


[Site "https://www.chess.com"]

[Event "Titled Tuesday Blitz August 09 Early 2022"]
[White "Thiel, Thomas"]
[Black "Dev, Shah"]
[WhiteFideId "4615964"]
[BlackFideId "35019058"]
[WhiteElo "2241"]
[BlackElo "2048"]
[Result "0-1"]
[Round "02"]
[TimeControl "180+1"]
[Date "2022.08.09"]
[WhiteClock "0:00:28"]
[BlackClock "0:00:54"]

1. e4 e5 2. Nf3 Nc6 3. d4 exd4 4. Nxd4 Nf6 5. Nxc6 bxc6 6. e5 Qe7 7. Qe2 Nd5 8. h4 a5 9. g3 Ba6 10. c4 f6 11. exf6 Nxf6 12. Nc3 Qxe2+ 13. Bxe2 Bb4 14. Bd2 O-O 15. O-O-O Rae8 16. Rhe1 d5 17. a3 Bc5 18. cxd5 Bxe2 19. Rxe2 cxd5 20. Rxe8 Rxe8 21. Bg5 c6 22. Bxf6 gxf6 23. Rd2 Kf7 24. Nd1 Bf8 25. Kc2 Bh6 26. f4 Re1 27. Nf2 Rg1 28. Rd3 Rg2 29. Rf3 Bf8 30. Kb3 Bc5 31. Nd3 Bg1 32. Ka4 Ke6 33. Kxa5 Kf5 34. b4 Ke4 35. Ne1 Bf2 36. Nxg2 Kxf3 37. Ka6 Kxg2 38. Kb7 c5 39. bxc5 Bxc5 40. a4 d4 41. Kc6 Ba7 0-1


[Site "https://www.chess.com"]

[Event "Titled Tuesday Blitz August 09 Early 2022"]
[White "Thorhallsson, Simon"]
[Black "Grot, Blazej"]
[WhiteFideId "2310090"]
[BlackFideId "21835845"]
[WhiteElo "2137"]
[BlackElo "1614"]
[Result "0-1"]
[Round "02"]
[TimeControl "180+1"]
[Date "2022.08.09"]
[WhiteClock "0:00:32"]
[BlackClock "0:01:15"]

1. e4 c5 2. Nf3 e6 3. d4 cxd4 4. Nxd4 Nc6 5. Nc3 Qc7 6. g3 Nf6 7. Bg2 Nxd4 8. Qxd4 Bc5 9. Qd1 a6 10. O-O O-O 11. Bg5 Be7 12. h3 d6 13. Kh2 h6 14. Be3 Rb8 15. a4 Bd7 16. a5 Bc6 17. Qd2 Nd7 18. f4 f5 19. exf5 Bxg2 20. Qxg2 Rxf5 21. Qe4 Rf6 22. Bd4 d5 23. Nxd5 exd5 24. Qxe7 Rf7 25. Qe6 Qxc2+ 26. Rf2 Qe4 27. Be5 Rf8 28. Raf1 Kh7 29. Kg1 Nxe5 30. fxe5 Rxf2 31. Rxf2 Qe1+ 32. Kg2 Rxf2# 0-1


[Site "https://www.chess.com"]

[Event "Titled Tuesday Blitz August 09 Early 2022"]
[White "Todorovic, Bojan"]
[Black "Williams, Simon K"]
[WhiteFideId "917087"]
[BlackFideId "404454"]
[WhiteElo "2266"]
[BlackElo "2468"]
[Result "0-1"]
[Round "02"]
[TimeControl "180+1"]
[Date "2022.08.09"]
[WhiteClock "0:00:03"]
[BlackClock "0:00:22"]

1. d4 e6 2. c4 b6 3. Nf3 Bb7 4. g3 Bb4+ 5. Bd2 Bxd2+ 6. Nbxd2 Nf6 7. Bg2 O-O 8. O-O d6 9. Qc2 Nbd7 10. e4 e5 11. d5 c6 12. Rfc1 a5 13. Ne1 cxd5 14. cxd5 Nc5 15. b3 b5 16. a3 Rc8 17. Qb1 Qb6 18. Nd3 Ng4 19. Rf1 Ba6 20. Nxc5 Qxc5 21. b4 Qc3 22. Nb3 a4 23. Na5 Qd4 24. Qd1 Qxd1 25. Rfxd1 Rc3 26. Bh3 h5 27. Bxg4 hxg4 28. Rdc1 Rfc8 29. Nc6 Rxc1+ 30. Rxc1 Kf8 31. Kg2 Bb7 32. h3 gxh3+ 33. Kxh3 Ke8 34. Kg4 Kd7 35. f4 exf4 36. gxf4 Bxc6 37. dxc6+ Rxc6 38. Rd1 Ke6 0-1


[Site "https://www.chess.com"]

[Event "Titled Tuesday Blitz August 09 Early 2022"]
[White "Toncheva, Nadya"]
[Black "Goltsev, Dmitry"]
[WhiteFideId "2924056"]
[BlackFideId "24176710"]
[WhiteElo "1888"]
[BlackElo "2258"]
[Result "0-1"]
[Round "02"]
[TimeControl "180+1"]
[Date "2022.08.09"]
[WhiteClock "0:00:04"]
[BlackClock "0:00:16"]

1. d4 Nf6 2. c4 e6 3. Nc3 Bb4 4. e3 Qe7 5. Bd3 b6 6. Ne2 Bb7 7. O-O O-O 8. e4 e5 9. d5 Bxc3 10. Nxc3 d6 11. Bg5 h6 12. Be3 a5 13. a3 Nbd7 14. b4 Rfc8 15. Qe2 g5 16. Rfc1 Nf8 17. Nb5 Ng6 18. g3 Ne8 19. c5 axb4 20. axb4 bxc5 21. bxc5 Rxa1 22. Rxa1 c6 23. dxc6 Bxc6 24. Ra7 Qf6 25. Nxd6 Nxd6 26. cxd6 Qxd6 27. Bc4 Rc7 28. Qf3 Rxa7 29. Bxa7 Qd7 30. Be3 Kg7 31. Qh5 Bxe4 32. Qe2 Qb7 33. Bd2 Qb1+ 34. Be1 f6 35. f3 Bxf3 36. Qe3 Ne7 37. Bd3 Qd1 38. Kf2 g4 39. Bb4 Nc6 40. Bd2 Nd4 41. Qxh6+ Kf7 42. Qh7+ Ke6 43. Qg8+ Kd6 44. Qd8+ Kc5 45. Qc7+ Bc6 46. Qe7+ Kb6 47. Qd8+ Kb7 48. Qe7+ Kb6 49. Qd8+ Ka7 50. Qc7+ Bb7 51. Qc5+ Kb8 52. Qd6+ Kc8 53. Qf8+ Kc7 54. Qe7+ Kb6 55. Qb4+ Kc7 56. Qc5+ Nc6 57. Ba5+ Kb8 58. Qd6+ Ka7 59. Qc5+ Ka8 60. Qf8+ Nb8 61. Qd6 Qf3+ 62. Ke1 Qh1+ 63. Kd2 Qxh2+ 64. Kc3 Qa2 65. Bb6 Qa1+ 66. Kd2 e4 67. Be2 Qb2+ 68. Ke3 Qc3+ 69. Kf2 Qc6 70. Qa3+ Ba6 71. Bxa6 Qxb6+ 72. Kg2 Qxa6 73. Qc5 Qe2+ 74. Kg1 Qd1+ 75. Kf2 Qd3 76. Kg2 Kb7 77. Qe7+ Nd7 78. Qb4+ Kc6 79. Qa4+ Kd6 80. Qb4+ Ke6 81. Qa5 e3 82. Qd8 e2 83. Qe8+ Kd6 84. Kf2 Qf3+ 85. Ke1 Qxg3+ 86. Kd2 Qe5 87. Qa8 e1=Q+ 0-1


[Site "https://www.chess.com"]

[Event "Titled Tuesday Blitz August 09 Early 2022"]
[White "Tuleyeva-Aketayeva, Dana"]
[Black "Mohammed, Dilshad"]
[WhiteFideId "13701932"]
[BlackFideId "5050421"]
[WhiteElo "1849"]
[BlackElo "2102"]
[Result "0-1"]
[Round "02"]
[TimeControl "180+1"]
[Date "2022.08.09"]
[WhiteClock "0:00:02"]
[BlackClock "0:01:30"]

1. d4 d5 2. Nf3 c6 3. g3 Nf6 4. Bg2 h6 5. O-O Bf5 6. c4 e6 7. Nc3 Be7 8. Nd2 dxc4 9. Nxc4 O-O 10. Qb3 Qc8 11. Na5 b6 12. Nc4 Nbd7 13. Ne5 Nxe5 14. dxe5 Nd7 15. e4 Nc5 16. Qc2 Bh7 17. Be3 a5 18. Bxc5 Bxc5 19. Na4 Bd4 20. Rac1 b5 21. Nc5 Bxe5 22. Nd3 Bd4 23. Qxc6 Qb8 24. e5 Ra7 25. Nc5 Bxc5 26. Qxc5 Rd7 27. Bc6 Rd2 28. Qxb5 Rxb2 29. Qxa5 Re2 30. a4 Rxe5 31. Qc3 Qc7 32. a5 Rxa5 33. Bf3 Qxc3 34. Rxc3 Bf5 35. Rfc1 Rb5 36. Kg2 Rb2 37. h3 Rd8 38. g4 Bg6 39. Rf1 Rdd2 40. Rc8+ Kh7 41. h4 Bd3 0-1


[Site "https://www.chess.com"]

[Event "Titled Tuesday Blitz August 09 Early 2022"]
[White "Uskov, Artem"]
[Black "Molina, Roberto Junio Brito"]
[WhiteFideId "34254854"]
[BlackFideId "2109450"]
[WhiteElo "2335"]
[BlackElo "2403"]
[Result "0-1"]
[Round "02"]
[TimeControl "180+1"]
[Date "2022.08.09"]
[WhiteClock "0:00:13"]
[BlackClock "0:00:57"]

1. e4 c6 2. d4 d5 3. f3 g6 4. Nc3 Bg7 5. Be3 Qb6 6. Rb1 dxe4 7. fxe4 e5 8. Nf3 exd4 9. Bxd4 Bxd4 10. Qxd4 Qxd4 11. Nxd4 Nd7 12. Be2 Ne5 13. O-O Ke7 14. Nf3 Nxf3+ 15. gxf3 Be6 16. Rbd1 Nf6 17. Kf2 Rad8 18. Ke3 g5 19. a3 h6 20. Bd3 Nd7 21. Ne2 Ne5 22. Nd4 Rd7 23. Be2 Rhd8 24. b3 Ng6 25. Rfe1 Nf4 26. Nxe6 Kxe6 27. Rxd7 Rxd7 28. Rg1 Ke5 29. Bd3 f6 30. Kd2 c5 31. Kc3 Rxd3+ 32. cxd3 Ne2+ 33. Kc4 Nxg1 34. Kxc5 Nxf3 35. a4 g4 36. b4 h5 37. a5 h4 38. b5 g3 39. hxg3 hxg3 40. a6 bxa6 41. d4+ Nxd4 0-1


[Site "https://www.chess.com"]

[Event "Titled Tuesday Blitz August 09 Early 2022"]
[White "Vakhlamov, Igor L."]
[Black "Miszler, Levente"]
[WhiteFideId "24126748"]
[BlackFideId "763276"]
[WhiteElo "2401"]
[BlackElo "1966"]
[Result "1-0"]
[Round "02"]
[TimeControl "180+1"]
[Date "2022.08.09"]
[WhiteClock "0:01:02"]
[BlackClock "0:00:43"]

1. e4 e6 2. d4 d5 3. Nc3 Nf6 4. Bd3 c5 5. Nf3 Nc6 6. exd5 exd5 7. O-O Be7 8. dxc5 O-O 9. Na4 Bg4 10. h3 Bh5 11. Bf4 Ne4 12. Re1 Nxc5 13. Nxc5 Bxc5 14. c3 Qb6 15. Qc2 Bxf3 16. gxf3 g6 17. b4 Bxb4 18. cxb4 Nxb4 19. Qd2 Qd4 20. Red1 Nxd3 21. Be3 Qh4 22. Qxd3 Qxh3 23. Qxd5 b6 24. Rac1 Rad8 25. Qe4 Rfe8 26. Qg4 Qxg4+ 27. fxg4 Rc8 28. Kg2 Kg7 29. g5 Red8 30. Rxd8 Rxd8 31. Rc7 1-0


[Site "https://www.chess.com"]

[Event "Titled Tuesday Blitz August 09 Early 2022"]
[White "Vargas, Mauricio"]
[Black "Krzywda, Andrzej"]
[WhiteFideId "4404572"]
[BlackFideId "1114565"]
[WhiteElo "2004"]
[BlackElo "2098"]
[Result "0-1"]
[Round "02"]
[TimeControl "180+1"]
[Date "2022.08.09"]
[WhiteClock "0:00:16"]
[BlackClock "0:01:32"]

1. e4 c6 2. d4 d5 3. e5 Bf5 4. g4 Bg6 5. h4 h5 6. e6 Nf6 7. g5 Ne4 8. exf7+ Bxf7 9. Bd3 c5 10. b3 Nc6 11. Ne2 cxd4 12. a3 e5 13. f3 Nc5 14. Bf5 g6 15. Bh3 Bg7 16. O-O O-O 17. Qe1 e4 18. f4 d3 19. Nec3 dxc2 20. Be3 Nd3 21. Qd2 cxb1=Q 22. Raxb1 d4 23. Nxe4 dxe3 24. Qxe3 Bd4 25. Nf6+ Kg7 26. Qxd4 Qxd4+ 27. Kg2 Nxf4+ 28. Kh2 Qd2+ 29. Kg3 Ne2+ 30. Kf3 Bd5+ 31. Kf2 Ned4+ 32. Kg1 Ne2+ 33. Kh2 Nf4+ 34. Kg3 Qe3+ 35. Kh2 Qxh3+ 36. Kg1 Qg2# 0-1


[Site "https://www.chess.com"]

[Event "Titled Tuesday Blitz August 09 Early 2022"]
[White "Veiga, Jose Francisco R P Neves"]
[Black "Lakshmi C"]
[WhiteFideId "1930087"]
[BlackFideId "25035347"]
[WhiteElo "2273"]
[BlackElo "1775"]
[Result "1-0"]
[Round "02"]
[TimeControl "180+1"]
[Date "2022.08.09"]
[WhiteClock "0:00:17"]
[BlackClock "0:00:01"]

1. e4 c5 2. Nf3 Nc6 3. Bb5 g6 4. O-O Bg7 5. Nc3 a6 6. Bxc6 bxc6 7. d3 d5 8. e5 Bg4 9. Re1 Nh6 10. h3 Bd7 11. Na4 Qa5 12. b3 c4 13. Bd2 Qb5 14. Nd4 Qb7 15. bxc4 dxc4 16. Rb1 Qc7 17. Nb6 Rd8 18. Nxc4 Bxh3 19. gxh3 Rxd4 20. e6 O-O 21. Bc3 Rd5 22. Bxg7 Kxg7 23. Qf3 fxe6 24. Qe3 Nf5 25. Qxe6 Qf4 26. Re4 Qg5+ 27. Rg4 Qh5 28. Ne3 Nxe3 29. Qxe7+ Rf7 30. Qxe3 Rdf5 31. Rf1 Rf3 32. Qd4+ R7f6 33. Rh4 Qf5 34. Kg2 Qg5+ 35. Qg4 Qd5 36. Qe4 Qg5+ 37. Rg4 Qh5 38. h4 R3f5 39. f3 Rf7 40. Rg3 Rf4 41. Qxc6 Rxh4 42. Qc3+ Kg8 43. Qc8+ Kg7 44. Rh3 Qg5+ 45. Kh1 Rhf4 46. Rg1 Qd5 47. Qc3+ R7f6 48. Qc7+ Rf7 49. Qc3+ R7f6 50. Qd2 1-0


[Site "https://www.chess.com"]